 Dungeon Crawl Stone Soup version 0.27.0-1-g7a089689b8 (webtiles) character file.

Game seed: 4310285340016411572

207 gimp the Skirmisher (level 5, -2/47 HPs)
             Began as a Ghoul Gladiator on Aug 8, 2021.
             Killed from afar by Natasha (6 damage)
             ... with a magic dart
             ... while paralysed
             ... on level 3 of the Dungeon.
             The game lasted 00:04:20 (2605 turns).

gimp the Skirmisher (Ghoul Gladiator)               Turns: 2605, Time: 00:04:21

Health: -2/47      AC:  5    Str: 17 (19) XL:     5   Next: 85%
Magic:  4/4        EV:  2    Int:  0 (3)  God:
Gold:   140        SH:  0    Dex:  7 (10) Spells: 4/4 levels left

rFire    . . .     SeeInvis .     - Unarmed
rCold    + . .     Faith    .   (no shield)
rNeg     + + +     Spirit   .   a - +0 leather armour
rPois    ∞         Reflect  .   b - +0 helmet
rElec    .         Harm     .   n - +0 cloak
rCorr    .         Rampage  .   (no gloves)
Will     +....                  (no boots)
Stlth    +.........             (no amulet)
HPRegen  0.00/turn              q - ring of willpower
MPRegen  0.09/turn              (no ring)

@: paralysed, very slightly contaminated, inhibited regen, hasted and slowed,
lost intelligence, invisible
A: claws 1, cold resistance 1, negative energy resistance 3, inhibited
regeneration, torment resistance 2
a: no special abilities


You were on level 3 of the Dungeon.
You visited 1 branch of the dungeon, and saw 3 of its levels.

You collected 140 gold pieces.

Inventory:

Hand Weapons
 k - a +0 hand axe of electrocution
Missiles
 c - 3 throwing nets (quivered)
Armour
 a - a +0 leather armour (worn)
 b - a +0 helmet (worn)
 n - a +0 cloak (worn)
Jewellery
 f - a ring of wizardry
 q - a ring of willpower (left claw)
Wands
 l - a wand of paralysis (7)
Scrolls
 e - 2 scrolls of enchant weapon {unknown}
 g - a scroll of brand weapon {unknown}
 h - a scroll of blinking {unknown}
 m - a scroll of immolation {unknown}
 o - 2 scrolls of identify {unknown}
 s - a scroll of torment {unknown}
Potions
 i - 2 potions of lignification
 j - a potion of haste
 r - a potion of brilliance {unknown}


   Skills:
 + Level 4.8 Fighting
 - Level 1.7 Throwing
 + Level 4.4 Dodging
 - Level 3.2 Unarmed Combat


You had 4 spell levels left.
You didn't know any spells.
Your spell library contained the following spells:

 Spells                   Type           Power      Damage    Failure   Level
 Conjure Flame            Conj/Fire      0%         6-21      95%         3
 Ignite Poison            Fire/Tmut/Pois 0%         N/A       95%         3
 Sticky Flame             Conj/Fire      0%         2d3       100%        4


Dungeon Overview and Level Annotations

Branches:
Dungeon (3/15)

Altars:
Elyvilon

Shops:
D:2 =

Annotations:
D:3 Natasha


Innate Abilities, Weirdness & Mutations

You thrive by killing the living.
You are immune to poison.
You have sharp fingernails.
Your flesh is cold resistant. (rC+)
You are immune to negative energy. (rN+++)
You do not regenerate when monsters are visible.
You are immune to unholy pain and torment.


Message History

You take 7 damage, and have 23/47 hp.
You are too injured to fight recklessly!
You are too injured to fight recklessly!
You closely miss Natasha.
Natasha is lightly wounded.
Natasha claws you!
The crimson imp laughs crazily.
The crimson imp barely misses you. Natasha claws you but does no damage.
You take 8 damage, and have 15/47 hp.
You scratch Natasha.
Natasha is moderately wounded.
The crimson imp barely misses you. Natasha claws you.
* * * LOW HITPOINT WARNING * * *
The crimson imp hits you but does no damage.
You take 2 damage, and have 13/47 hp.
It was a potion of haste.
You feel yourself speed up. Natasha closely misses you.
The crimson imp hits you.
* * * LOW HITPOINT WARNING * * *
You take 1 damage, and have 12/47 hp.
It was a potion of lignification.
You feel woody for a moment. Natasha claws you.
* * * LOW HITPOINT WARNING * * *
The crimson imp hits you but does no damage.
You take 2 damage, and have 10/47 hp.
It was a potion of invisibility.
You fade into invisibility!
Natasha claws you.
* * * LOW HITPOINT WARNING * * *
The crimson imp barely misses you.
You are very lightly contaminated with residual magic.
You take 6 damage, and have 4/47 hp.
It was a potion of degeneration.
There was something very wrong with that liquid.
You feel weakened.
You feel dopey.
You have lost your intelligence.
You feel clumsy. Natasha claws you but does no damage.
The crimson imp hits you but does no damage.
Natasha casts a spell at you. The magic dart hits you.
You die...

#...........
#...........
#...........#
#.#.#######h#
#.#.#######.#
#.#.......#)#
#.#######^#.#
#.##.h..#.#.####
#.##@##.#......#
#.##5#......##
#.##.#....)))#
#.##.#..............
#.##.########.......
#.##.# .......
#.##.# .......
#.##.# .......
#.##.# .......


You could see Natasha and a crimson imp (summoned).

Vanquished Creatures
  An orc priest (D:3)
  Natasha (D:3)
  4 gnolls (D:3)
  4 adders
  A worm (D:2)
  2 dart slugs
  3 orcs (D:3)
  10 ball pythons
  8 bats
  3 endoplasms
  2 giant cockroaches
  5 goblins
  10 hobgoblins
  2 jackals (D:1)
  4 kobolds
  4 quokkas
  4 frilled lizards
  3 rats
71 creatures vanquished.

Notes
Turn   | Place    | Note
-------+----------+-------------------------------------------
     0 | D:1      | gimp the Ghoul Gladiator began the quest for the Orb.
     0 | D:1      | Reached XP level 1. HP: 17/17 MP: 0/0
    71 | D:1      | Reached XP level 2. HP: 15/25 MP: 1/1
   312 | D:1      | Noticed an eye of devastation
   314 | D:1      | Found a faded altar of an unknown god.
   316 | D:1      | Noticed a great orb of eyes
   316 | D:1      | Noticed a golden eye
   316 | D:1      | Noticed a great orb of eyes
   362 | D:1      | Reached XP level 3. HP: 31/31 MP: 2/2
  1133 | D:2      | Reached XP level 4. HP: 35/38 MP: 3/3
  1549 | D:2      | Found Kuteacou's Jewellery Emporium.
  1909 | D:3      | Noticed Natasha
  1919 | D:3      | Killed Natasha
  1920 | D:3      | Reached XP level 5. HP: 33/46 MP: 4/4
  2430 | D:3      | Noticed Natasha
  2604 | D:3      | Lost intelligence.
  2605 | D:3      | Killed from afar by Natasha

Illustrated notes

Levels and vault maps discovered:
D:1:      wheals_arrival_linesprint, layout_rooms,
          hellmonk_ecumenical_altar_watching_god, st_stairs_2,
          wander_ebering_terrifying_dragon_lair
D:2:      layout_basic, basic_altar, serial_shops, shop
D:3:      layout_basic, nemelex_dance_club_becter, serial_bayou_pond_e,
          uniq_natasha

Skill      XL: |  1  2  3  4 |
---------------+-------------+-----
Dodging        | 3 4 |  4.4
Fighting       | 3 4 |  4.8
Throwing       | |  1.7
Unarmed Combat | |  3.2

Action                   |  1- 3 |  4- 6 || total
-------------------------+-------+-------++-------
Melee: Unarmed           |   112 |   159 ||   271
       Punch             |     3 |     1 ||     4
Evoke: Wand              |       |     2 ||     2
  Use: Potion            |       |     4 ||     4
 Stab: Sleeping          |     1 |       ||     1
       Paralysed         |       |     5 ||     5
Armor: Leather armour    |    31 |    49 ||    80
Dodge: Dodged            |    72 |   109 ||   181
